TOP OF THE 1ST |
Lannister United Lionhearts batting - Pitching for Durham Rapiers : RHP Gustavo Pérez
|
Pitching: RHP Gustavo Pérez
|
|
Batting: RHB Jeremy Christensen
|
0-0: Ball 1-0: Ball 2-0: Ball 3-0: Called Strike 3-1: Foul Ball, location: 2F 3-2: Strikes out looking
|
Batting: LHB Cisco Padilla
|
0-0: Called Strike 0-1: Swinging Strike 0-2: Strikes out looking
|
Batting: LHB José Vargas
|
0-0: Foul Ball, location: 2F 0-1: Called Strike 0-2: Foul Ball, location: 2F 0-2: Ball 1-2: Ball 2-2: SOLO HOME RUN (Flyball, 9D), Distance : 366 ft
|
Batting: RHB Tomás Martínez
|
0-0: Ball 1-0: Ball 2-0: Called Strike 2-1: Swinging Strike 2-2: Strikes out swinging
|
Top of the 1st over - 1 run(s), 1 hit(s), 0 error(s), 0 left on base; Lannister United 1 - Durham 0 |
BOTTOM OF THE 1ST |
Durham Rapiers batting - Pitching for Lannister United Lionhearts : LHP Hank Downey
|
Pitching: LHP Hank Downey
|
|
Batting: RHB António Díaz
|
0-0: Ball 1-0: Ball 2-0: Foul Ball, location: 2F 2-1: Bunt missed! 2-2: Ball 3-2: Fly out, F3 (Popup, 3SF)
|
Batting: RHB Luis Martínez
|
0-0: Swinging Strike 0-1: Ball 1-1: Foul Ball, location: 2F 1-2: Foul Ball, location: 2F 1-2: Ball 2-2: SINGLE (Line Drive, 34)
|
Batting: LHB Nobuo Yamashita
|
0-0: Ball 1-0: Ball Luis Martínez is caught stealing 2nd base 2-0: Ball 3-0: Called Strike 3-1: Swinging Strike 3-2: Fly out, F8 (Flyball, 78M)
|
Bottom of the 1st over - 0 run(s), 1 hit(s), 0 error(s), 0 left on base; Lannister United 1 - Durham 0 |
TOP OF THE 2ND |
Lannister United Lionhearts batting - Pitching for Durham Rapiers : RHP Gustavo Pérez
|
Batting: LHB Gabriel Córdova
|
0-0: Called Strike 0-1: SINGLE (Line Drive, 9LS)
|
Batting: RHB Ángel Arroyo
|
0-0: Ball 1-0: Called Strike 1-1: Ball 2-1: Called Strike 2-2: Foul Ball, location: 2F 2-2: Ball 3-2: Strikes out looking
|
Batting: SHB Corey Neace
|
0-0: Ball 1-0: Fly out, F9 (Flyball, 9M)
|
Batting: RHB Dave Schroeder
|
0-0: Called Strike 0-1: Foul Ball, location: 2F 0-2: Ball 1-2: Ground out 1-3 (Groundball, 25)
|
Top of the 2nd over - 0 run(s), 1 hit(s), 0 error(s), 1 left on base; Lannister United 1 - Durham 0 |
BOTTOM OF THE 2ND |
Durham Rapiers batting - Pitching for Lannister United Lionhearts : LHP Hank Downey
|
Batting: RHB Vincent Klein
|
0-0: Called Strike 0-1: Ball 1-1: Fly out, F8 (Line Drive, 8LM)
|
Batting: SHB Juan Blanco
|
0-0: Ball 1-0: Called Strike 1-1: Fly out, F4 (Popup, 4D)
|
Batting: RHB Víctor Hernández
|
0-0: Fly out, F7 (Flyball, 78M)
|
Bottom of the 2nd over - 0 run(s), 0 hit(s), 0 error(s), 0 left on base; Lannister United 1 - Durham 0 |
TOP OF THE 3RD |
Lannister United Lionhearts batting - Pitching for Durham Rapiers : RHP Gustavo Pérez
|
Batting: RHB Roberto Vázquez
|
0-0: Ball 1-0: Swinging Strike 1-1: Foul Ball, location: 2F 1-2: Strikes out swinging
|
Batting: RHB Jeremy Christensen
|
0-0: Fly out, F1 (Line Drive, 13S)
|
Batting: LHB Cisco Padilla
|
0-0: Called Strike 0-1: Ball 1-1: Foul Ball, location: 2F 1-2: SINGLE (Groundball, 4MD)
|
Batting: LHB José Vargas
|
0-0: Ball 1-0: Foul Ball, location: 2F 1-1: Fly out, F9 (Line Drive, 89M)
|
Top of the 3rd over - 0 run(s), 1 hit(s), 0 error(s), 1 left on base; Lannister United 1 - Durham 0 |
BOTTOM OF THE 3RD |
Durham Rapiers batting - Pitching for Lannister United Lionhearts : LHP Hank Downey
|
Batting: RHB José Osorio
|
0-0: Called Strike 0-1: Ball 1-1: Ground out 4-3 (Groundball, 4)
|
Batting: RHB Jorge López
|
0-0: Called Strike 0-1: Ball 1-1: Ground out 6-3 (Groundball, 6)
|
Batting: RHB Bill Allen
|
0-0: Ball 1-0: Ground out 1-3 (Groundball, 15)
|
Bottom of the 3rd over - 0 run(s), 0 hit(s), 0 error(s), 0 left on base; Lannister United 1 - Durham 0 |
TOP OF THE 4TH |
Lannister United Lionhearts batting - Pitching for Durham Rapiers : RHP Gustavo Pérez
|
Batting: RHB Tomás Martínez
|
0-0: SINGLE (Groundball, 56)
|
Batting: LHB Gabriel Córdova
|
0-0: Ball 1-0: Ball 2-0: Ball 3-0: Called Strike 3-1: SINGLE (Groundball, 6M) Tomás Martínez to second
|
Batting: RHB Ángel Arroyo
|
0-0: Called Strike 0-1: Swinging Strike 0-2: Ball 1-2: Ball 2-2: Fielders Choice at 2nd, 1-6 (Groundball, 15) Tomás Martínez to third
|
Batting: SHB Corey Neace
|
0-0: Foul Ball, location: 2F 0-1: Ball 1-1: Ball 2-1: Foul Ball, location: 2F 2-2: Ball 3-2: Base on Balls Ángel Arroyo to second
|
Batting: RHB Dave Schroeder
|
0-0: Called Strike 0-1: Ball 1-1: Ball 2-1: Swinging Strike 2-2: Foul Ball, location: 2F 2-2: Foul Ball, location: 2F 2-2: Ball 3-2: Grounds into double play, U4-3 (Groundball, 4)
|
Top of the 4th over - 0 run(s), 2 hit(s), 0 error(s), 2 left on base; Lannister United 1 - Durham 0 |
BOTTOM OF THE 4TH |
Durham Rapiers batting - Pitching for Lannister United Lionhearts : LHP Hank Downey
|
Batting: RHB António Díaz
|
0-0: Swinging Strike 0-1: Ball 1-1: Foul Ball, location: 2F 1-2: Foul Ball, location: 2F 1-2: Ball 2-2: Fly out, F8 (Flyball, 8LS)
|
Batting: RHB Luis Martínez
|
0-0: Ball 1-0: Ground out 1-3 (Groundball, 23)
|
Batting: LHB Nobuo Yamashita
|
0-0: Called Strike 0-1: Ground out 4-3 (Groundball, 4)
|
Bottom of the 4th over - 0 run(s), 0 hit(s), 0 error(s), 0 left on base; Lannister United 1 - Durham 0 |
TOP OF THE 5TH |
Lannister United Lionhearts batting - Pitching for Durham Rapiers : RHP Gustavo Pérez
|
Batting: RHB Roberto Vázquez
|
0-0: Ball 1-0: Called Strike 1-1: Called Strike 1-2: Foul Ball, location: 2F 1-2: Strikes out swinging
|
Batting: RHB Jeremy Christensen
|
0-0: Called Strike 0-1: Swinging Strike 0-2: Foul Ball, location: 2F 0-2: Strikes out looking
|
Batting: LHB Cisco Padilla
|
0-0: Ball 1-0: Fly out, F8 (Flyball, 8RM)
|
Top of the 5th over - 0 run(s), 0 hit(s), 0 error(s), 0 left on base; Lannister United 1 - Durham 0 |
BOTTOM OF THE 5TH |
Durham Rapiers batting - Pitching for Lannister United Lionhearts : LHP Hank Downey
|
Batting: RHB Vincent Klein
|
0-0: Foul Ball, location: 2F 0-1: Ball 1-1: Fly out, F6 (Popup, 5D)
|
Batting: SHB Juan Blanco
|
0-0: Ground out 6-3 (Groundball, 6S)
|
Batting: RHB Víctor Hernández
|
0-0: Ball 1-0: Ball 2-0: Ground out U3 (Groundball, 3S)
|
Bottom of the 5th over - 0 run(s), 0 hit(s), 0 error(s), 0 left on base; Lannister United 1 - Durham 0 |
TOP OF THE 6TH |
Lannister United Lionhearts batting - Pitching for Durham Rapiers : RHP Gustavo Pérez
|
Batting: LHB José Vargas
|
0-0: Ground out 4-3 (Groundball, 4)
|
Batting: RHB Tomás Martínez
|
0-0: Called Strike 0-1: Ground out 5-3 (Groundball, 5S)
|
Batting: LHB Gabriel Córdova
|
0-0: Swinging Strike 0-1: Foul Ball, location: 2F 0-2: Ball 1-2: Strikes out looking
|
Top of the 6th over - 0 run(s), 0 hit(s), 0 error(s), 0 left on base; Lannister United 1 - Durham 0 |
BOTTOM OF THE 6TH |
Durham Rapiers batting - Pitching for Lannister United Lionhearts : LHP Hank Downey
|
Batting: RHB José Osorio
|
0-0: Ground out 3-1 (Groundball, 34S)
|
Batting: RHB Jorge López
|
0-0: Called Strike 0-1: Fly out, F3 (Popup, 3F)
|
Batting: RHB Bill Allen
|
0-0: Called Strike 0-1: Fly out, F9 (Popup, 9S)
|
Bottom of the 6th over - 0 run(s), 0 hit(s), 0 error(s), 0 left on base; Lannister United 1 - Durham 0 |
TOP OF THE 7TH |
Lannister United Lionhearts batting - Pitching for Durham Rapiers : RHP Gustavo Pérez
|
Batting: RHB Ángel Arroyo
|
0-0: Ball 1-0: Called Strike 1-1: SINGLE (Groundball, 56)
|
Batting: SHB Corey Neace
|
0-0: Ball 1-0: Sac Bunt - play at first, batter OUT! 2-4 Ángel Arroyo to second
|
Pinch Hitting: LHB Gonzalo Álvarez
|
0-0: Ball 1-0: Called Strike 1-1: Foul Ball, location: 2F 1-2: Foul Ball, location: 2F 1-2: Foul Ball, location: 2F 1-2: Ball 2-2: Ball 3-2: Ground out 5-3 (Groundball, 56S) Ángel Arroyo to third
|
Batting: RHB Roberto Vázquez
|
0-0: Ball 1-0: Swinging Strike 1-1: Ground out 5-3 (Groundball, 5S)
|
Top of the 7th over - 0 run(s), 1 hit(s), 0 error(s), 1 left on base; Lannister United 1 - Durham 0 |
BOTTOM OF THE 7TH |
Durham Rapiers batting - Pitching for Lannister United Lionhearts : LHP Hank Downey
|
Now at 3B: Jason Mann
|
|
Batting: RHB António Díaz
|
0-0: Called Strike 0-1: Foul Ball, location: 2F 0-2: Foul Ball, location: 2F 0-2: Foul Ball, location: 2F 0-2: Foul Ball, location: 2F 0-2: SINGLE (Line Drive, 7S)
|
Batting: RHB Luis Martínez
|
0-0: Ball 1-0: Ball 2-0: Ball 3-0: Base on Balls António Díaz to second
|
Pitching: RHP Harry Mander
|
|
Batting: LHB Nobuo Yamashita
|
0-0: Called Strike 0-1: Ball 1-1: Called Strike 1-2: Ball 2-2: Fly out, F6 (Popup, 56)
|
Batting: RHB Vincent Klein
|
0-0: Ball 1-0: Called Strike 1-1: Called Strike 1-2: SINGLE (Line Drive, 6MD) António Díaz to third Luis Martínez to second Runner from 3rd tries for Home, SAFE, no throw or cutoff
|
Batting: SHB Juan Blanco
|
0-0: Ball Wild Pitch! Luis Martínez to third Vincent Klein to second 1-0: Intentional Walk
|
Batting: RHB Víctor Hernández
|
0-0: Fielders Choice at 2nd, 4-6 (Groundball, 4) Luis Martínez scores Vincent Klein to third
|
Pinch Hitting: RHB Luis Dávila
|
0-0: Ball 1-0: Called Strike 1-1: Called Strike 1-2: Fly out, F3 (Popup, 3L)
|
Bottom of the 7th over - 2 run(s), 2 hit(s), 0 error(s), 2 left on base; Lannister United 1 - Durham 2 |
TOP OF THE 8TH |
Lannister United Lionhearts batting - Pitching for Durham Rapiers : RHP Gustavo Pérez
|
Now at C: Luis Dávila
|
|
Batting: RHB Jeremy Christensen
|
0-0: Ball 1-0: Called Strike 1-1: SOLO HOME RUN (Flyball, 7LD), Distance : 368 ft
|
Batting: LHB Cisco Padilla
|
0-0: Foul Ball, location: 2F 0-1: Ball 1-1: Ball 2-1: Called Strike 2-2: Ball 3-2: Strikes out looking
|
Batting: LHB José Vargas
|
0-0: Called Strike 0-1: Foul Ball, location: 2F 0-2: Ball 1-2: Strikes out swinging
|
Batting: RHB Tomás Martínez
|
0-0: Called Strike 0-1: Foul Ball, location: 2F 0-2: Ball 1-2: Foul Ball, location: 2F 1-2: Ground out 5-3 (Groundball, 56)
|
Top of the 8th over - 1 run(s), 1 hit(s), 0 error(s), 0 left on base; Lannister United 2 - Durham 2 |
BOTTOM OF THE 8TH |
Durham Rapiers batting - Pitching for Lannister United Lionhearts : RHP Harry Mander
|
Pinch Hitting: RHB Stephen Blair
|
0-0: Ball 1-0: Called Strike 1-1: Foul Ball, location: 2F 1-2: Ball 2-2: Foul Ball, location: 2F 2-2: Ball 3-2: SINGLE (Line Drive, 8LS)
|
Batting: RHB Bill Allen
|
0-0: Sac Bunt - play at first, batter OUT! 3-4 Stephen Blair to second
|
Pinch Hitting: LHB Mitchell Hansen
|
0-0: Intentional Walk
|
Pinch Hitting: LHB Mayer Röhricht
|
0-0: Called Strike 0-1: Grounds into double play, 4-6-3 (Groundball, 34)
|
Bottom of the 8th over - 0 run(s), 1 hit(s), 0 error(s), 1 left on base; Lannister United 2 - Durham 2 |
TOP OF THE 9TH |
Lannister United Lionhearts batting - Pitching for Durham Rapiers : RHP Gustavo Pérez
|
Pitching: RHP Jim Unknown
|
|
Now at 2B: Davis Anderson
|
|
Now at SS: Nick Reed
|
|
Now in RF: Mayer Röhricht
|
|
Batting: LHB Gabriel Córdova
|
0-0: Ground out 6-3 (Groundball, 6M)
|
Pinch Hitting: RHB Bartolo Martínez
|
0-0: Fly out, F8 (Flyball, 8RXD)
|
Pinch Hitting: RHB Alberto Blanco
|
0-0: Ball 1-0: Called Strike 1-1: Ball 2-1: Foul Ball, location: 2F 2-2: Ground out 6-3 (Groundball, 6)
|
Top of the 9th over - 0 run(s), 0 hit(s), 0 error(s), 0 left on base; Lannister United 2 - Durham 2 |
BOTTOM OF THE 9TH |
Durham Rapiers batting - Pitching for Lannister United Lionhearts : RHP Harry Mander
|
Now at 2B: Curt Johnston
|
|
Now at SS: Tristan Kuhn
|
|
Batting: LHB Nobuo Yamashita
|
0-0: Called Strike 0-1: Ground out 3-1 (Groundball, 34)
|
Batting: RHB Vincent Klein
|
0-0: Ball 1-0: SINGLE (Flyball, 78S)
|
Pinch Runner at 1st Barton McCann:
|
|
Batting: SHB Juan Blanco
|
0-0: Ball 1-0: Foul Ball, location: 2F 1-1: Ball 2-1: Foul Ball, location: 2F 2-2: Ground out 3-1 (Groundball, 34S) Barton McCann to second
|
Batting: RHB Víctor Hernández
|
0-0: Ball 1-0: Fly out, F7 (Line Drive, 78S)
|
Bottom of the 9th over - 0 run(s), 1 hit(s), 0 error(s), 1 left on base; Lannister United 2 - Durham 2 |
TOP OF THE 10TH |
Lannister United Lionhearts batting - Pitching for Durham Rapiers : RHP Jim Unknown
|
Now in LF: Barton McCann
|
|
Batting: RHB Jason Mann
|
0-0: Ball 1-0: Called Strike 1-1: Ground out 6-3 (Groundball, 56)
|
Batting: RHB Roberto Vázquez
|
0-0: Swinging Strike 0-1: Fly out, F9 (Flyball, 89S)
|
Batting: RHB Jeremy Christensen
|
0-0: Ball 1-0: Swinging Strike 1-1: Ball 2-1: Foul Ball, location: 2F 2-2: Foul Ball, location: 2F 2-2: Ball 3-2: Base on Balls
|
Batting: LHB Cisco Padilla
|
0-0: Ground out 3-1 (Groundball, 3L)
|
Top of the 10th over - 0 run(s), 0 hit(s), 0 error(s), 1 left on base; Lannister United 2 - Durham 2 |
BOTTOM OF THE 10TH |
Durham Rapiers batting - Pitching for Lannister United Lionhearts : RHP Harry Mander
|
Pinch Hitting: RHB Álex Hernández
|
0-0: Ball 1-0: Ball 2-0: SINGLE (Line Drive, 56)
|
Batting: RHB Nick Reed
|
0-0: Foul Ball, location: 2F 0-1: Bunted foul 0-2: Ball 1-2: Grounds into double play, U6-3 (Groundball, 6M)
|
Pinch Hitting: SHB Brent Adams
|
0-0: Called Strike 0-1: Swinging Strike 0-2: Ball 1-2: Ball 2-2: SINGLE (Groundball, 3D)
|
Pitching: RHP Félix Torres
|
|
Batting: LHB Davis Anderson
|
0-0: Ball 1-0: Foul Ball, location: 2F 1-1: Foul Ball, location: 2F 1-2: Ground out 6-3 (Groundball, 6)
|
Bottom of the 10th over - 0 run(s), 2 hit(s), 0 error(s), 1 left on base; Lannister United 2 - Durham 2 |
TOP OF THE 11TH |
Lannister United Lionhearts batting - Pitching for Durham Rapiers : RHP Jim Unknown
|
Pitching: RHP José Morales
|
|
Now at C: Álex Hernández
|
|
Now at 1B: Brent Adams
|
|
Batting: LHB José Vargas
|
0-0: Ball 1-0: Foul Ball, location: 2F 1-1: SOLO HOME RUN (Flyball, 89XD), Distance : 425 ft
|
Batting: RHB Tomás Martínez
|
0-0: Ball 1-0: Ball 2-0: Swinging Strike 2-1: SINGLE (Groundball, 5D)
|
Batting: LHB Gabriel Córdova
|
0-0: Ball 1-0: Ball 2-0: Called Strike 2-1: Fielders Choice at 2nd, 5-4 (Groundball, 56)
|
Batting: RHB Curt Johnston
|
0-0: Called Strike 0-1: Foul Ball, location: 2F 0-2: Foul Ball, location: 2F 0-2: Strikes out looking
|
Batting: RHB Tristan Kuhn
|
0-0: Ball 1-0: Called Strike Gabriel Córdova is caught stealing 2nd base
|
Top of the 11th over - 1 run(s), 2 hit(s), 0 error(s), 0 left on base; Lannister United 3 - Durham 2 |
BOTTOM OF THE 11TH |
Durham Rapiers batting - Pitching for Lannister United Lionhearts : RHP Félix Torres
|
Batting: LHB Mayer Röhricht
|
0-0: Ball 1-0: Called Strike 1-1: Called Strike 1-2: Ball 2-2: Strikes out swinging
|
Batting: LHB Nobuo Yamashita
|
0-0: Ground out 3-1 (Groundball, 3)
|
Pinch Hitting: SHB Ray Dickey
|
0-0: Foul Ball, location: 2F 0-1: Ball 1-1: Ball 2-1: Ball 3-1: Base on Balls
|
Batting: SHB Juan Blanco
|
0-0: Ball 1-0: Ball 2-0: Ball 3-0: Foul Ball, location: 2F 3-1: Fly out, F8 (Flyball, 8LD)
|
Bottom of the 11th over - 0 run(s), 0 hit(s), 0 error(s), 1 left on base; Lannister United 3 - Durham 2 |
|